 Dungeon Crawl Stone Soup version 0.14-a0-1546-g4b4961f (webtiles) character file.

158 101 the Digger (level 4, -2/36 HPs)
             Began as a Deep Dwarf Earth Elementalist on Dec 18, 2013.
             Slain by a sky beast (4 damage)
             ... on Level 5 of the Dungeon.
             The game lasted 00:08:28 (2745 turns).

101 the Digger (Deep Dwarf Earth Elementalist)      Turns: 2745, Time: 00:08:28

HP  -2/36        AC  2     Str 11 (12) XL: 4   Next:  8%
MP   1/8         EV 12     Int 21      God:
Gold 85          SH  0     Dex 13      Spells:  3 memorised,  2 levels left

rFire  . . .     SeeInvis .     b - 49 stones
rCold  . . .     Clarity  .     h - +0 robe
rNeg   . . .     Conserve .     (no shield)
rPois  .         rCorr    .     (no helmet)
rElec  .         rRot     .     (no cloak)
SustAb + .       Spirit   .     (no gloves)
rMut   .         Warding  .     (no boots)
Saprov . . .     Stasis   .     (no amulet)
                                (no ring)
                                q - ring of sustain abilities

@: non-regenerating, brilliant, slightly resistant to hostile enchantments,
fairly stealthy
A: damage resistance, recharge devices, sense surroundings 1, slow healing 3
a: Device Recharging


You were on level 5 of the Dungeon.
You were not hungry.

You visited 1 branch of the dungeon, and saw 5 of its levels.

You collected 85 gold pieces.

Inventory:

Hand weapons
 a - a +2,+1 quarterstaff
Missiles
 b - 49 stones (in hand)
Armour
 h - a +0 robe (worn)
Magical devices
 u - a wand of heal wounds (4)
Comestibles
 f - 6 bread rations
 g - a chunk of bat flesh
 k - a meat ration
 l - a cheese
 n - a choko
 v - a rambutan
 w - a chunk of adder flesh
 x - a pear
Scrolls
 c - 9 scrolls of identify
 j - a scroll of teleportation
 m - a scroll of magic mapping
Jewellery
 q - a ring of sustain abilities (left hand)
Potions
 o - a potion of speed {unknown}
 p - 2 potions of heal wounds {unknown}
 r - a potion of mutation {unknown}
 s - a potion of lignification {unknown}
 t - a potion of cure mutation {unknown}
Books
 d - a book of Geomancy

   Spells                             Type                      Level
   *Sandblast                         Earth                        1
   *Stoneskin                         Transmutation/Earth          2
   Passwall                           Transmutation/Earth          3
   *Stone Arrow                       Conjuration/Earth            3
   Petrify                            Transmutation/Earth          4
   Lee's Rapid Deconstruction         Earth                        5


   Skills:
 - Level 2.1 Dodging
 - Level 2.4 Stealth
 + Level 2.8 Spellcasting
 - Level 0.8 Transmutations
 + Level 5.5 Earth Magic


You had 2 spell levels left.
You knew the following spells:

 Your Spells              Type           Power        Failure   Level  Hunger
a - Sandblast             Erth           #####.       1%          1    None
b - Stoneskin             Trmt/Erth      ####......   1%          2    ##.....
c - Stone Arrow           Conj/Erth      ####..       2%          3    ###....


Dungeon Overview and Level Annotations

Branches:
Dungeon (5/16)
 Temple: D:4-7

Altars:

Annotations:
D:3 wojtek's ghost, average TeGl
D:4 Edmund


Innate Abilities, Weirdness & Mutations

You are resistant to damage.
You can recharge devices by infusing magical energy.
You passively map a small area around you.
You do not heal naturally.


Message History

Aiming: Sandblast
Press: ? - help, Shift-Dir - straight line, f/p - sky beast
Aim: a sky beast (severely wounded)
The rocky blast misses the sky beast.
The rocky blast misses the crimson imp.
The crimson imp blinks!
The sky beast flickers out of sight!
Deactivating autopickup; reactivate with Ctrl-A.
It hits you but does no damage.
Read which item? (? for menu, Esc to quit)
Okay, then.
Drink which item? (? for menu, Esc to quit)
There was something very wrong with that liquid!
You feel weakened.
It was a potion of degeneration.
It hits you. It shocks you.
* * * LOW HITPOINT WARNING * * *
Drink which item? (? for menu, Esc to quit)
You feel clever all of a sudden.
It was a potion of brilliance.
It hits you.
* * * LOW HITPOINT WARNING * * *
It shocks you!
You die...

#.# * #.# , #.#
#.# *###+#
#.####.......
#.#..5.......
#{..##....... ,
#########.###
..... , ,
#<.5@.§)≈.#
....
+.....#######.#
*, ...,
,####..# #.# ,,
[ , #... #.# *
, ##.. * *..# *
* .... .## ,
.... . , *
♣...♣ *#+* **
♣♣.


You could see a crimson imp.

Vanquished Creatures
  An adder (D:3)
  A giant gecko (D:3)
  An ooze (D:3)
  An orc (D:2)
  3 giant cockroaches
  7 goblins
  5 hobgoblins
  7 jackals (D:2)
  8 kobolds
  A quokka (D:2)
  A ball python (D:1)
  8 bats
  6 giant newts
  A jackal skeleton (D:4)
  12 rats
63 creatures vanquished.

Notes
Turn   | Place    | Note
--------------------------------------------------------------
     0 | D:1      | 101, the Deep Dwarf Earth Elementalist, began the quest for the Orb.
     0 | D:1      | Reached XP level 1. HP: 15/15 MP: 2/2
   368 | D:1      | Reached XP level 2. HP: 17/22 MP: 2/4
  1261 | D:2      | Reached XP level 3. HP: 21/28 MP: 4/6
  1495 | D:2      | Reached skill level 5 in Earth Magic
  1873 | D:2      | Learned a level 2 spell: Stoneskin
  1877 | D:2      | Learned a level 3 spell: Stone Arrow
  2158 | D:3      | Noticed wojtek's ghost (average TeGl)
  2645 | D:4      | Reached XP level 4. HP: 21/36 MP: 6/8
  2702 | D:4      | Noticed Edmund
  2708 | D:5      | Entered Level 5 of the Dungeon
  2724 | D:5      | Noticed a sky beast
  2745 | D:5      | Slain by a sky beast

Action                   |  1- 3 |  4- 6 || total
-------------------------+-------+-------++-------
Melee: Hand axe          |     4 |       ||     4
       Quarterstaff      |    12 |       ||    12
 Cast: Sandblast         |   114 |    15 ||   129
Evoke: Wand              |     1 |       ||     1
  Use: Scroll            |     5 |     2 ||     7
       Potion            |       |     2 ||     2
